 Dungeon Crawl Stone Soup version 0.23.2-33-g5129a83 (webtiles) character file.

Game seed: 4827338524391877285

872 seyes the Changer (level 7, -3/48 HPs)
             Began as a Demonspawn Transmuter on Aug 2, 2019.
             Was a Follower of Okawaru.
             Killed by divine providence
             ... invoked by an orc priest
              (9 damage)
             ... on level 5 of the Dungeon.
             The game lasted 00:33:45 (6102 turns).

seyes the Changer (Demonspawn Transmuter)           Turns: 6102, Time: 00:33:46

Health: -3/48      AC:  5    Str: 15    XL:     7   Next: 74%
Magic:  10/12      EV: 15    Int: 16    God:    Okawaru [*.....]
Gold:   18         SH:  0    Dex: 18    Spells: 1/12 levels left

rFire    . . .     SeeInvis .     - Unarmed
rCold    . . .     Gourm    .   (no shield)
rNeg     + . .     Faith    .   A - +1 robe of Surprise {rCorr Dex+4 Stlth+} (curse)
rPois    .         Spirit   .   (no helmet)
rElec    .         Reflect  .   (no cloak)
rCorr    +         Harm     .   (no gloves)
MR       .....                  (no boots)
Stlth    +++.......             (no amulet)
HPRegen  0.16/turn              k - +3 ring of evasion
MPRegen  0.13/turn              o - ring of positive energy

@: mighty, starving
A: claws 2, icy blue scales 1, demonic guardian 1, powered by pain 1
a: Heroism, Renounce Religion


You were on level 5 of the Dungeon.
You worshipped Okawaru.
Okawaru was aware of your devotion.
You were starving.

You visited 2 branches of the dungeon, and saw 6 of its levels.

You collected 203 gold pieces.
You spent 185 gold pieces at shops.

Inventory:

Hand Weapons
 m - a +1 whip of electrocution
Missiles
 a - 103 arrows
 g - 122 stones (quivered)
 l - 13 javelins
Armour
 b - a +0 robe
 e - a +0 buckler
 A - the cursed +1 robe of Surprise (worn) {rCorr Dex+4 Stlth+}
   (You bought it in a shop on level 4 of the Dungeon)

   It affects your dexterity (+4).
   It provides partial protection from all sources of acid and corrosion.
   It makes you more stealthy.
   It has a curse placed upon it.
Jewellery
 k - a +3 ring of evasion (left claw)
 o - a ring of positive energy (right claw)
Scrolls
 h - 5 scrolls of teleportation
 i - a scroll of amnesia {unknown}
 p - a scroll of enchant armour {unknown}
 q - a scroll of remove curse {unknown}
 t - a scroll of identify
 y - a scroll of fear {unknown}
Potions
 c - a potion of resistance {unknown}
 f - a potion of heal wounds {unknown}
 j - a potion of curing {unknown}
 n - a potion of agility
 r - 4 potions of might
 s - 3 potions of flight {unknown}
 u - 3 potions of brilliance
 v - a potion of berserk rage {unknown}
 w - a potion of magic {unknown}
 x - 3 potions of lignification {unknown}
 z - a potion of invisibility {unknown}
Comestibles
 d - 13 rations


   Skills:
 - Level 1.0 Fighting
 - Level 1.7 Dodging
 - Level 2.6 Unarmed Combat
 + Level 3.4 Spellcasting
 - Level 3.0 Hexes
 + Level 5.4 Transmutations
 + Level 2.9 Ice Magic
 - Level 3.1 Poison Magic


You had one spell level left.
You knew the following spells:

 Your Spells              Type           Power        Failure   Level  Hunger
a - Beastly Appendage     Tmut           ###...       1%          1    None
c - Ice Form              Ice/Tmut       ###.....     32%         4    ####...
d - Spider Form           Tmut/Pois      ###.......   10%         3    ###....
h - Confusing Touch       Hex            ##....       4%          1    None
t - Sticks to Snakes      Tmut           ###.....     3%          2    ##.....

Your spell library contained the following spells:

 Spells                   Type           Power        Failure   Level  Hunger
 Animate Skeleton         Necr           N/A          19%         1    None
 Apportation              Tloc           #.....       19%         1    None
 Summon Small Mammal      Summ           #...         19%         1    None
 Blade Hands              Tmut           ###.......   47%         5    ######.


Dungeon Overview and Level Annotations

Branches:
Dungeon (5/15)             Temple (1/1) D:5

Altars:
Ashenzari
Cheibriados
Dithmenos
Hepliaklqana
Kikubaaqudgha
Nemelex Xobeh
Okawaru
Qazlal
Ru
Sif Muna
Uskayaw
Vehumet
Wu Jian
Xom
Yredelemnul
Zin
The Shining One

Shops:
D:4 [=?


Innate Abilities, Weirdness & Mutations

You have very sharp fingernails.
You are partially covered in icy blue scales. (AC +2)
A weak demonic guardian rushes to your aid.
You sometimes gain a little power by taking damage.


Message History

Okawaru accepts your kill. The orc priest barely misses you.
You feel mightier all of a sudden. The orc priest barely misses you.
You scratch the orc priest.
The orc priest is moderately wounded.
The orc priest hits you but does no damage.
You closely miss the orc priest.
The orc priest is moderately wounded.
The orc priest hits you with a +0 club.
* * * LOW HITPOINT WARNING * * *
You barely miss the orc priest.
The orc priest is moderately wounded.
The orc priest hits you with a +0 club.
* * * LOW HITPOINT WARNING * * *
You claw the orc priest!
The orc priest is almost dead.
The orc priest mumbles some strange prayers to Beogh against you.
Beogh smites you!
You die...

#.# #.....<.. #.#
#######.#
#.############## #...
#.....##.......# #..#
#####.##.#####.###..#
#....# #........#
#########.#.####.#
#)o)†...#...# #..
#@#.#.#.##### ###
#5#.# ##### #####
#.#.# ##._.###._.#
#.#.# #.....⌠...).
#.#.. #..⌠.....⌠..
#.### ##.........#
#.# ######.....###
#.###.. ####'#####
#...#.# #.......##


You could see an orc priest and a friendly quasit.

Vanquished Creatures
  An ogre (D:5)
  A scorpion (D:4)
  A crimson imp (D:5)
  2 hounds (D:5)
  3 orc wizards
  3 orc priests
  An iguana (D:4)
  A centaur skeleton (D:4)
  Terence (D:3)
  A worker ant (D:4)
  A worker ant zombie (D:4)
  6 adders
  3 gnolls (D:3)
  2 shadow imps
  An adder zombie (D:5)
  2 worms (D:2)
  2 dart slugs
  2 leopard geckos
  14 orcs
  A ball python (D:2)
  13 bats
  4 giant cockroaches
  9 hobgoblins
  6 jackals
  6 frilled lizards
  10 goblins
  12 kobolds
  A leopard gecko skeleton (D:4)
  9 rats
  A spectral orc (D:5)
120 creatures vanquished.

Vanquished Creatures (collateral kills)
  An ogre (D:3)
  A centaur (D:5)
  Jessica (D:2)
  An adder (D:2)
  A kobold (D:2)
5 creatures vanquished.

Grand Total: 125 creatures vanquished

Notes
Turn   | Place    | Note
-------+----------+-------------------------------------------
     0 | D:1      | seyes the Demonspawn Transmuter began the quest for the
                  | Orb.
     0 | D:1      | Reached XP level 1. HP: 15/15 MP: 3/3
   212 | D:1      | Reached skill level 2 in Transmutations
   557 | D:1      | Gained mutation: You sometimes gain a little power by
                  | taking damage. [demonic ancestry]
   557 | D:1      | Reached XP level 2. HP: 21/21 MP: 5/5
   582 | D:1      | Found a glowing golden altar of the Shining One.
   814 | D:1      | Learned a level 2 spell: Sticks to Snakes
  1177 | D:2      | Reached skill level 3 in Transmutations
  1208 | D:2      | Gained mutation: You have sharp fingernails. [demonic
                  | ancestry]
  1208 | D:2      | Reached XP level 3. HP: 25/26 MP: 2/6
  1794 | D:2      | Learned a level 3 spell: Spider Form
  1895 | D:2      | Gained mutation: You are partially covered in icy blue
                  | scales. (AC +2) [demonic ancestry]
  1895 | D:2      | Reached XP level 4. HP: 32/32 MP: 7/7
  1948 | D:2      | Noticed Jessica
  1964 | D:2      | Killed Jessica
  1973 | D:2      | Reached skill level 1 in Poison Magic
  2515 | D:3      | Found an ancient bone altar of Kikubaaqudgha.
  2577 | D:3      | Learned a level 1 spell: Confusing Touch
  2585 | D:3      | Noticed Terence
  2717 | D:3      | Reached XP level 5. HP: 19/37 MP: 9/9
  2898 | D:3      | Reached skill level 4 in Transmutations
  3182 | D:3      | Noticed an ogre
  3225 | D:3      | Killed an ogre
  3225 | D:3      | Reached skill level 1 in Hexes
  3225 | D:3      | Gained mutation: You have very sharp fingernails. [demonic
                  | ancestry]
  3225 | D:3      | Reached XP level 6. HP: 43/43 MP: 3/10
  3638 | D:3      | Killed Terence
  4026 | D:4      | Learned a level 4 spell: Ice Form
  4307 | D:4      | Found Kareblia's Jewellery Shop.
  4320 | D:4      | Found Zearreed's Antique Armour Shop.
  4442 | D:4      | Reached skill level 1 in Ice Magic
  4515 | D:4      | Found Nypomnuj's Magic Scroll Boutique.
  4620 | D:4      | Gained mutation: A weak demonic guardian rushes to your
                  | aid. [demonic ancestry]
  4620 | D:4      | Reached XP level 7. HP: 47/48 MP: 7/11
  4910 | D:5      | Entered Level 5 of the Dungeon
  4992 | D:5      | Found a faded altar of an unknown god.
  5000 | D:5      | Found a staircase to the Ecumenical Temple.
  5010 | Temple   | Entered the Ecumenical Temple
  5068 | Temple   | Became a worshipper of Warmaster Okawaru
  5234 | D:4      | Bought a twisted robe for 159 gold pieces
  5272 | D:4      | Bought a scroll of identify for 26 gold pieces
  5272 | D:4      | Identified the cursed +1 robe of Surprise {rCorr Dex+4
                  | Stlth+} (You bought it in a shop on level 4 of the Dungeon)
  5330 | D:5      | Reached skill level 5 in Transmutations
  5532 | D:5      | Found a basalt altar of Yredelemnul.
  6021 | D:5      | Found a glowing golden altar of the Shining One.
  6021 | D:5      | Found a shimmering altar of Xom.
  6089 | D:5      | Reached * piety under Okawaru
  6102 | D:5      | Killed from afar by an orc priest

Skill      XL: |  1  2  3  4  5  6  7 |
---------------+----------------------+-----
Transmutations | 2 3 4 5 |  5.4
Poison Magic   | 1 2 3 |  3.1
Spellcasting   | 3 |  3.4
Hexes          | 1 2 3 |  3.0
Ice Magic      | 1 2 |  2.9
Fighting       | |  1.0
Dodging        | |  1.7
Unarmed Combat | |  2.6

Action                   |  1- 3 |  4- 6 |  7- 9 || total
-------------------------+-------+-------+-------++-------
Melee: Unarmed           |   109 |   196 |    83 ||   388
       Headbutt          |     6 |     3 |     1 ||    10
       Kick              |     5 |    10 |     1 ||    16
       Punch             |     1 |     2 |     1 ||     4
Throw: Stone             |     7 |    20 |     3 ||    30
 Cast: Beastly Appendage |    18 |    18 |     3 ||    39
       Sticks to Snakes  |     4 |    11 |     5 ||    20
       Spider Form       |       |     9 |     5 ||    14
 Abil: End Transformatio |       |     1 |     1 ||     2
  Use: Scroll            |       |     1 |     3 ||     4
       Potion            |       |       |     1 ||     1
 Stab: Sleeping          |       |     2 |       ||     2
       Distracted        |       |     1 |       ||     1
  Eat: Chunk             |     4 |    11 |     3 ||    18
Armor: Robe              |    18 |    31 |     4 ||    53
       Skin              |       |     2 |     1 ||     3
Dodge: Dodged            |    83 |   152 |    57 ||   292
